 Dungeon Crawl Stone Soup version 0.27-a0-1202-ge72e49191c (webtiles) character file.

Game seed: 17362143007295564543

816 robertstho the Firebug (level 7, -3/47 HPs)
             Began as a Demonspawn Fire Elementalist on June 4, 2021.
             Slain by a troll (9 damage)
             ... on level 6 of the Dungeon.
             The game lasted 00:10:35 (5920 turns).

robertstho the Firebug (DsFE)                       Turns: 5920, Time: 00:10:36

Health: -3/47      AC:  6    Str:  8    XL:     7   Next: 62%
Magic:  11/14      EV: 12    Int: 19    God:
Gold:   158        SH:  0    Dex: 13    Spells: 7/15 levels left

rFire    . . .     SeeInvis .   r - +3 morningstar (protect)
rCold    . . .     Faith    .   (no shield)
rNeg     . . .     Spirit   .   a - +0 robe
rPois    .         Reflect  .   p - +1 helmet
rElec    .         Harm     .   (no cloak)
rCorr    .         Rampage  .   (no gloves)
Will     +....                  (no boots)
Stlth    ++........             (no amulet)
HPRegen  0.15/turn              e - ring of willpower
MPRegen  0.14/turn              (no ring)

@: no status effects
A: talons 1, icy blue scales 1, demonic guardian 1
a: no special abilities


You were on level 6 of the Dungeon.
You visited 1 branch of the dungeon, and saw 6 of its levels.

You collected 158 gold pieces.

Inventory:

Hand Weapons
 b - a +0 dagger
 r - a +3 morningstar of protection (weapon)
Armour
 a - a +0 robe (worn)
 p - a +1 helmet (worn)
Magical Staves
 d - a staff of air
Jewellery
 e - a ring of willpower (left hand)
Wands
 m - a wand of iceblast (11)
Scrolls
 g - a scroll of amnesia
 i - 2 scrolls of immolation
Potions
 c - a potion of brilliance {unknown}
 j - 2 potions of degeneration {unknown}
 l - a potion of lignification {unknown}
 q - a potion of heal wounds {unknown}
 s - a potion of magic {unknown}


   Skills:
 + Level 0.5 Fighting
 + Level 0.1 Short Blades
 + Level 2.1 Dodging
 + Level 2.0 Stealth
 * Level 4.7 Spellcasting
 * Level 4.5 Conjurations
 * Level 5.3 Fire Magic
 + Level 0.1 Evocations


You had 7 spell levels left.
You knew the following spells:

 Your Spells              Type           Power      Damage    Failure   Level
a - Foxfire               Conj/Fire      92%        2x1d8     1%          1
b - Conjure Flame         Conj/Fire      23%        6-21      4%          3
c - Sticky Flame          Conj/Fire      23%        2d4       17%         4

Your spell library contained the following spells:

 Spells                   Type           Power      Damage    Failure   Level
 Inner Flame              Hex/Fire       14%        N/A       13%         3
 Fireball                 Conj/Fire      11%        3d7       43%         5


Dungeon Overview and Level Annotations

Branches:
Dungeon (6/15)
 Temple: D:4-7

Altars:


Innate Abilities, Weirdness & Mutations

You have sharp toenails.
You are partially covered in icy blue scales. (AC +2)
A weak demonic guardian rushes to your aid.


Message History

The troll is moderately wounded.
Casting: Foxfire (safe; 1% risk of failure)
Press: ? - help, Q - select action, (/) - cycle Dir - look around, f - activate You conjure some foxfire!
The foxfire hits the troll.
The troll is moderately wounded.
The foxfire hits the troll but does no damage.
The troll is moderately wounded.
The foxfire hits the troll!
The troll is heavily wounded.
The troll bites you! The troll completely misses you.
The troll closely misses you.
Casting: Foxfire (safe; 1% risk of failure)
Press: ? - help, Q - select action, (/) - cycle Dir - look around, f - activate You conjure some foxfire!
The troll barely misses you. x2; The troll claws you.
The foxfire hits the troll but does no damage.
The troll is heavily wounded.
The troll bites you but does no damage. The troll claws you! x2
* * * LOW HITPOINT WARNING * * *
A demonic guardian appears!
Unknown command.
As you read the scroll labelled CIONAV HAODAUMM, it crumbles to dust.
It is a scroll of enchant weapon.
Your +2 morningstar of protection glows red for a moment.
The troll bites you!
* * * LOW HITPOINT WARNING * * *
The troll claws you but does no damage. x2
You feel better.
Your quasit bites the troll but does no damage.
Your quasit claws the troll but does no damage.
Your quasit closely misses the troll.
The troll bites you.
* * * LOW HITPOINT WARNING * * *
The troll claws you.
* * * LOW HITPOINT WARNING * * *
The troll completely misses you.
You feel better.
Your quasit closely misses the troll.
Your quasit claws the troll but does no damage. x2
The troll bites you!
You die...

##### ....# ###.##
.....#############
.##............5@#
.##.############T#
....# #.#
.#..######## ..#
.#.........# .##
...##.####.# #.
.#.###.###.####.
.#............#.#
....##.....##.#.#


You could see a troll (ally target) and a friendly quasit (summoned).

Vanquished Creatures
  A water moccasin (D:5)
  An ice beast (D:6)
  A necrophage (D:6)
  A centaur (D:5)
  A hound (D:4)
  2 orc priests (D:4)
  Terence (D:2)
  An orc wizard (D:4)
  Robin (D:4)
  8 adders
  A worm (D:4)
  A dart slug (D:2)
  16 orcs
  10 bats
  7 endoplasms
  7 giant cockroaches
  11 goblins
  13 hobgoblins
  7 jackals
  4 kobolds
  4 quokkas
  6 ball pythons
  4 frilled lizards
  6 rats
115 creatures vanquished.

Vanquished Creatures (collateral kills)
  2 scorpions
  A foxfire (D:1)
3 creatures vanquished.

Vanquished Creatures (others)
  437 foxfires
  2 plants (D:1)
439 creatures vanquished.

Grand Total: 557 creatures vanquished

Notes
Turn   | Place    | Note
-------+----------+-------------------------------------------
     0 | D:1      | robertstho the Demonspawn Fire Elementalist began the quest
                  | for the Orb.
     0 | D:1      | Reached XP level 1. HP: 13/13 MP: 3/3
   243 | D:1      | Gained mutation: You are partially covered in icy blue
                  | scales. (AC +2) [demonic ancestry]
   243 | D:1      | Reached XP level 2. HP: 19/19 MP: 1/5
   309 | D:1      | Found a faded altar of an unknown god.
   449 | D:1      | Reached skill level 3 in Fire Magic
   776 | D:1      | Gained mutation: A weak demonic guardian rushes to your
                  | aid. [demonic ancestry]
   776 | D:1      | Reached XP level 3. HP: 24/24 MP: 3/6
  1291 | D:2      | Learned a level 3 spell: Conjure Flame
  1473 | D:2      | Noticed Terence
  1503 | D:2      | Killed Terence
  1504 | D:2      | Reached XP level 4. HP: 5/30 MP: 3/7
  3648 | D:4      | Reached XP level 5. HP: 35/35 MP: 4/9
  3649 | D:4      | Noticed Robin
  3732 | D:4      | Learned a level 4 spell: Sticky Flame
  3844 | D:4      | Killed Robin
  4398 | D:4      | Reached skill level 4 in Fire Magic
  4560 | D:4      | Gained mutation: You have sharp toenails. [demonic
                  | ancestry]
  4560 | D:4      | Reached XP level 6. HP: 41/41 MP: 4/11
  5019 | D:5      | Entered Level 5 of the Dungeon
  5291 | D:5      | Noticed a water moccasin
  5298 | D:5      | Killed a water moccasin
  5299 | D:5      | Reached XP level 7. HP: 43/47 MP: 5/13
  5352 | D:6      | Reached skill level 5 in Fire Magic
  5909 | D:6      | Noticed a troll
  5919 | D:6      | HP: 1/47 [troll (3)]
  5920 | D:6      | Slain by a troll

Illustrated notes

Levels and vault maps discovered:
D:1:      minmay_arrival_plants_in_alcoves, layout_rooms,
          ebering_ecumenical_altar_hall, feat_on_display
D:2:      layout_basic, hangedman_feature_mirror, uniq_terence
D:3:      layout_loops_ring
D:4:      layout_gridville, minmay_misc_feat_hallway, uniq_robin
D:5:      layout_loops_ring, minmay_temple_entry_mini_moons,
          lemuel_flamethrower_2
D:6:      layout_loops_ring, nicolae_uskayaw_dance_studio

Skill      XL: |  1  2  3  4  5  6  7 |
---------------+----------------------+-----
Fire Magic     | 3 4 5 |  5.3
Dodging        | 2 |  2.1
Conjurations   | 2 3 4 |  4.5
Spellcasting   | 3 4 |  4.7
Stealth        | 2 |  2.0
Fighting       | |  0.5
Short Blades   | |  0.1
Evocations     | |  0.1

Action                   |  1- 3 |  4- 6 |  7- 9 || total
-------------------------+-------+-------+-------++-------
Melee: Dagger            |    13 |       |       ||    13
       Unarmed           |     1 |       |       ||     1
       Staff             |     7 |    10 |       ||    17
       Morningstar       |       |     4 |       ||     4
       Kick              |       |     1 |       ||     1
 Cast: Foxfire           |    62 |   168 |    24 ||   254
       Sticky Flame      |       |     1 |     1 ||     2
Evoke: Wand              |       |     1 |       ||     1
  Use: Scroll            |     4 |     5 |     1 ||    10
       Potion            |     1 |     2 |     2 ||     5
Armor: Robe              |    16 |    21 |    13 ||    50
Dodge: Dodged            |    49 |    43 |    10 ||   102

Table legend: (Time is in decaauts)
 A = Elapsed time spent in this place.
 B = Non-inter-level travel time spent in this place.
 C = Inter-level travel time spent in this place.
 D = Time resting spent in this place.
 E = Time spent auto-exploring this place.
 F = Levels seen in this place.
 G = Mean time per level.
                   A        B        C        D        E       F      G
               +--------+--------+--------+--------+--------+-----+--------+
         Total |   5911 |   5761 |    150 |     92 |   4869 |   6 |  985.2 |
       Dungeon |   5911 |   5761 |    150 |     92 |   4869 |   6 |  985.2 |
               +--------+--------+--------+--------+--------+-----+--------+

Top non-repeatable levels by time:
     D:4: 1440 daAuts
     D:3: 1364 daAuts
     D:2: 1317 daAuts
     D:1: 1090 daAuts
     D:6: 610 daAuts
     D:5: 87 daAuts
